Cogmind - Beta 14 @@@ ROGUE MODE // 2024.09.06 @ 22:09:32 Player: Wotf Result: Destroyed by G-47 Trooper with Particle Gun Performance ------------- Evolutions (0) 0 Regions Visited (1) 200 Robots Destroyed (16) 80 Value Destroyed (362) 362 Prototype IDs (0) 0 Alien Tech Used (0) 0 Bonus (0) 0 TOTAL SCORE: 642 Bonus ------- None Cogmind --------- Core Integrity 0/250 Matter 290/300 Energy 173/250 System Corruption 0% Temperature Warm (149) Movement Core (500) Ox9 Location -10/Materials Parts ------- > --- POWER (1) -------- Ion Engine > --- PROPULSION (2) --- (None) > --- UTILITY (2) ------ Huge Storage Unit Weight Redist. System > --- WEAPON (2) ------- Mini Grenade Launcher > --- INVENTORY (25) --- Light Ion Engine Aluminum Leg Aluminum Leg Improved Heat Sink Disposable Heat Sink Disposable Heat Sink Medium Matter Pod (100) Medium Matter Pod (21) Weight Redist. System Weight Redist. System Sensor Array Terrain Scanner Terrain Scanner Mini Grenade Launcher Mini Grenade Launcher Mini Grenade Launcher Peak State ------------ > --- POWER ------------ Light Ion Engine > --- PROPULSION ------- Wheel > --- UTILITY ---------- Huge Storage Unit Weight Redist. System > --- WEAPON ----------- Mini Grenade Launcher Mini Grenade Launcher > --- INVENTORY -------- Aluminum Leg Aluminum Leg Disposable Heat Sink Disposable Heat Sink Weight Redist. System Weight Redist. System Small Laser Mini Grenade Launcher Mini Grenade Launcher [Rating: 10] Favorites ----------- Power Ion Engine Engine Ion Engine Propulsion Wheel Wheel Wheel Utility Huge Storage Unit Device Weight Redist. System Storage Huge Storage Unit Weapon EM Pulse Gun Energy Gun EM Pulse Gun Launcher Mini Grenade Launcher Build | -11 -10 ------- Run | Yrd Mat Slots Evolved . | . . Power . | . . Propulsion . | . . Utility . | . . Weapon . | . . Parts Attached 16 | 5 11 Power 2 | 1 1 Engine 2 | 1 1 Core . | . . Reactor . | . . Propulsion 3 | 2 1 Treads . | . . Leg . | . . Wheel 3 | 2 1 Hover . | . . Flight . | . . Utility 2 | . 2 Device 1 | . 1 Storage 1 | . 1 Processor . | . . Hackware . | . . Protection . | . . Artifact . | . . Weapon 9 | 2 7 Energy Gun 6 | 2 4 Energy Cannon . | . . Ballistic Gun . | . . Ballistic Cannon . | . . Launcher 3 | . 3 Special Weapon . | . . Impact Weapon . | . . Slashing Weapon . | . . Piercing Weapon . | . . Special Melee Weapon . | . . Unidentified Prototypes . | . . Parts Lost 8 | . 8 Power . | . . Propulsion 3 | . 3 Utility . | . . Weapon 5 | . 5 Highest Loss Streak 4 | . 4 To Critical Strikes . | . . Average Slot Usage (%) 91 | . 91 Engine 14 | . 14 Wheel 24 | . 24 Device 12 | . 12 Storage 13 | . 13 Energy Gun 24 | . 24 Launcher 1 | . 1 Peak Build Rating 10 | 5 10 Average Rating 8 | 3 8 On Entrance 2 | . 5 Naked Turns . | . . Heaviest Build 89 | 7 89 Greatest Support 26 | 20 26 Greatest Overweight (x) 9 | . 9 Average Overweight (x) 2 | . 3 Largest Inventory Capacity 25 | 5 25 Average Capacity 21 | 5 24 Most Carried 17 | 4 17 Average Carried 10 | 2 12 Final Capacity 25 | 5 25 Final Carried 16 | 4 16 Class Distribution -------------------- 100% | Mutant Dominant Class ---------------- Mutant | -10/Materials Resources | -11 -10 ----------- Run | Yrd Mat Matter Collected 471 | 250 221 Remotely . | . . Salvage Created 571 | 61 510 Parts 28 | 4 24 Haulers Intercepted . | . . Recyclers Shooed 2 | . 2 Parts Field Recycled . | . . Retrieved Matter . | . . Parts Self-Destructed . | . . Prevented . | . . Kills | -11 -10 ------- Run | Yrd Mat Combat Hostiles Destroyed 8 | 1 7 Guns 3 | 1 2 AOE 4 | . 4 Classes Destroyed 5 | 2 3 Worker 2 | 1 1 Builder 1 | . 1 Recycler 3 | . 3 Watcher 2 | . 2 Grunt 8 | 1 7 Best Kill Streak 6 | 1 6 Combat Bots Only 4 | 1 4 Max Kills in Single Turn 4 | 1 4 Gunslinging . | . . Exploded 2 | . 2 Melee . | . . Uniques/NPCs Destroyed . | . . Combat | -11 -10 -------- Run | Yrd Mat Hostile Shots Fired 56 | 6 50 Missed 9 | 2 7 Damage Taken 722 | 49 673 Core 253 | 11 242 Absorbed by Shields . | . . Core Remaining (%) 95 | 95 . Volleys Fired 47 | 5 42 Largest 2 | 2 2 Hottest 80 | 80 80 Shots Fired 81 | 10 71 Gun 77 | 10 67 Cannon . | . . Launcher 4 | . 4 Special . | . . Kinetic . | . . Thermal 12 | . 12 Explosive 4 | . 4 Electromagnetic 65 | 10 55 Robot Hit Streak 13 | 3 13 Robot Miss Streak 2 | 2 2 Penetration Max . | . . Secondary Targets . | . . Shots Hit Robots 55 | 7 48 Core Hits 22 | 3 19 Critical Kills . | . . Critical Parts Destroyed . | . . Critical Strikes 1 | . 1 Corrupt 1 | . 1 Melee Attacks . | . . Impact . | . . Slashing . | . . Piercing . | . . Sneak Attacks . | . . Combat Hostiles . | . . Follow-up Attacks . | . . Damage Inflicted 1260 | 122 1138 Guns 716 | 80 636 Cannons . | . . Explosions 544 | 42 502 Melee . | . . Ramming . | . . Kinetic . | . . Thermal 351 | 42 309 Explosive 302 | . 302 Electromagnetic 607 | 80 527 Impact . | . . Slashing . | . . Piercing . | . . Highest Corruption . | . . Average Corruption . | . . Corruption Purged . | . . Corruption Blocked . | . . Overload Shots . | . . Overflow Damage 48 | . 48 Projectiles . | . . Explosions 48 | . 48 Melee . | . . Knockbacks . | . . Impact . | . . Kinetic . | . . Secondary . | . . Self-Inflicted Damage 146 | 5 141 Shots 5 | 1 4 Rammed . | . . Targets Rammed . | . . Kicked . | . . Crushed . | . . Highest Temperature 231 | 96 231 Average Temperature 68 | 46 71 Received Heat Transfer 339 | 24 315 Siege Activations . | . . Robots Corrupted 1 | . 1 Combat Hostiles 1 | . 1 Parts Fried 2 | . 2 Impact Corruptions . | . . Robots Melted . | . . Combat Hostiles . | . . Parts Melted . | . . Heat Transferred 450 | 50 400 Parts Sabotaged . | . . Parts Stolen . | . . Parts Stripped . | . . Power Chain Reactions 4 | 1 3 Alert | -11 -10 ------- Run | Yrd Mat Peak Influence 243 | 25 243 Initial 16 | . 16 Average 105 | 2 121 Maximum Alert Level 1 | . 1 Low Security (%) 72 | 100 68 Level 1 27 | . 31 Level 2 . | . . Level 3 . | . . Level 4 . | . . Level 5 . | . . High Security . | . . Max Security . | . . Squads Dispatched 1 | . 1 Investigation 1 | . 1 Extermination . | . . Reinforcement . | . . Assault . | . . Garrison . | . . Intercept . | . . Searches Triggered . | . . Construction Impeded . | . . Haulers Reinforced . | . . Active Scanning Responses . | . . Cargo Convoy Interrupts . | . . Stealth | -11 -10 --------- Run | Yrd Mat Distress Signals . | . . Communications Jammed . | . . Distress Signals . | . . Times Spotted 17 | 1 16 Peak Tracking Total 5 | 1 5 Tactical Retreats 1 | . 1 Traps | -11 -10 ------- Run | Yrd Mat Traps Triggered 1 | . 1 Indirectly . | . . Trap Hack Attempts . | . . Triggered . | . . Disarmed . | . . Reprogrammed . | . . Reused . | . . Traps Extracted . | . . Installed . | . . Triggered . | . . Machines | -11 -10 ---------- Run | Yrd Mat Machines Disabled 2 | . 2 Max in Single Turn 1 | . 1 Machines Repaired . | . . Machines Dismantled . | . . Machines Sabotaged . | . . Overloaded Fab Kills . | . . Hacking | -11 -10 --------- Run | Yrd Mat Machines Accessed 1 | . 1 Terminals 1 | . 1 Fabricators . | . . Repair Stations . | . . Recycling Units . | . . Scanalyzers . | . . Garrison Access . | . . Total Hacks 4 | . 4 Successful 2 | . 2 Failed 2 | . 2 Catastrophic . | . . Database Lockouts . | . . Manual 7 | . 7 Terminals 4 | . 4 Fabricators . | . . Repair Stations . | . . Recycling Units . | . . Scanalyzers . | . . Garrison Access . | . . Terminal Hacks 1 | . 1 Robot Analysis 1 | . 1 Fabricator Hacks . | . . Repair Station Hacks . | . . Recycling Unit Hacks . | . . Scanalyzer . | . . Garrison Access Hacks . | . . Unauthorized Hacks 1 | . 1 Terminals 1 | . 1 Botnet 1 | . 1 Fabricators . | . . Repair Stations . | . . Recycling Units . | . . Scanalyzers . | . . Garrison Access . | . . Data Cores Recovered . | . . Used . | . . Hacking Detections 2 | . 2 Full Trace Events . | . . Feedback Events . | . . Feedback Blocked . | . . Robot Schematics Acquired . | . . Robots Built . | . . Authchips . | . . Time . | . . Total Robot Build Rating . | . . Part Schematics Acquired . | . . Parts Built . | . . Authchips . | . . Time . | . . Total Part Build Rating . | . . Parts Repaired . | . . Time . | . . Parts Recycled . | . . Recycled Matter . | . . Retrieved Matter . | . . Retrieved Components . | . . Parts Scanalyzed . | . . Part Schematics Acquired . | . . Parts Damaged . | . . Bothacking | -11 -10 ------------ Run | Yrd Mat Used RIF Installer . | . . Robots Hacked . | . . Non-combat . | . . Combat . | . . Robot Hacks Applied . | . . Relay Couplers Released . | . . Fabnet Peak Effective % . | . . Robots Rewired . | . . Allies Hacked . | . . Hacks Repelled . | . . Allies | -11 -10 -------- Run | Yrd Mat Total Allies . | . . Largest Group . | . . Highest-Rated Group . | . . Highest-Rated Ally . | . . Total Orders . | . . Ally Attacks . | . . Total Damage . | . . Kills . | . . Allies Corrupted . | . . Allies Melted . | . . Intel | -11 -10 ------- Run | Yrd Mat Robot Analysis Total 1 | . 1 Derelict Logs Recovered . | . . Drone Launches . | . . Drone Recoveries . | . . Exploration | -11 -10 ------------- Run | Yrd Mat Turns Passed 620 | 82 538 Spaces Moved 384 | 75 309 Core 16 | 15 1 Treads . | . . Legs . | . . Wheels 368 | 60 308 Hover . | . . Flight . | . . Fastest Speed 50 | 50 80 Average Speed 115 | 74 126 Slowest Speed 500 | 80 500 Overloaded Moves . | . . Propulsion Burnouts . | . . Robots Hopped . | . . Cave-ins Triggered . | . . Exploration Rate (%) 24 | 8 41 Regions Visited 1 Branch Regions . Pre-discovered Areas . | . . Known Exits Taken . | . . Unknown Exits Taken 1 | 1 . Scrap Searched . | . . Spaces Dug . | . . Terrain Destroyed 39 | 3 36 Melee . | . . Projectile . | . . AOE 39 | 3 36 Terrain Rammed . | . . Walls Destroyed . | . . Machines Disabled . | . . Actions | -11 -10 --------- Run | Yrd Mat Total 472 | 88 384 Wait 4 | . 4 Move 383 | 74 309 Hop . | . . Pick Up 20 | 4 16 Fast Attach 9 | 5 4 Attach 4 | . 4 Detach . | . . Swap 3 | . 3 Drop 2 | . 2 Fire 47 | 5 42 Melee . | . . Ram . | . . Kick . | . . Crush . | . . Escape Stasis . | . . Rewire . | . . Trap . | . . Miscellaneous . | . . Route ------- -11/Scrapyard -10/Materials (discovered 3 exits: [*Mat] / [*Min x2]) History --------- Turn | Location | Event 2 | -11/Scrapyard | Met Revision 17 63 | -11/Scrapyard | Discovered new exit (range 8) 83 | -11/Scrapyard | Entered Materials 240 | -10/Materials | Core integrity fell below 50% 294 | -10/Materials | Lost 4 parts (1n3w) 345 | -10/Materials | Build established: Mutant 376 | -10/Materials | Discovered new exit (range 5) 415 | -10/Materials | Discovered new exit (range 16) 490 | -10/Materials | Discovered new exit (range 16) 602 | -10/Materials | Core integrity fell below 20% 621 | -10/Materials | Destroyed by G-47 Trooper with Particle Gun Last Messages --------------- 00588_ Wheel destroyed. 00593_ Chain reaction triggered in Ion Engine. 00593_ Integration Channel disabled. 00599_ G-34 Mercenary destroyed. 00602_ K-01 Serf collects debris. 00605_ Chain reaction triggered in Lgt. Nuclear Core. 00605_ EM Pulse Gun destroyed. 00605_ Destroyed EM Pulse Gun. 00605_ K-01 Serf destroyed. 00606_ U-05 Engineer lays Concrete. 00607_ Wheel destroyed. 00608_ U-05 Engineer builds a Wall. 00609_ Critical hit (Burn: +37). 00611_ G-47 Trooper misfires. 00613_ U-05 Engineer lays Concrete. 00615_ EM Pulse Gun destroyed. 00615_ U-05 Engineer lays Concrete. 00616_ U-05 Engineer builds a Wall. 00617_ U-05 Engineer lays Concrete. 00620_ U-05 Engineer builds a Wall. Map ----- +----------------------------------------------------+ | ????????# + + """ # #???? | | ????????# # # """ # !! #???? | | ????????# """ """ # # """ # #???? | | ????????# """ """ # #? # #???? | | ????????# """ """ # #?######## #???? | | ????????# # #???????###+##########???? | | ????????############# #???????# "########### | | ????????????????????# #???????# ! + | | ????????????????????# #???????# =%[ # | | ????????????????????# ######### = # | | ????????????????????# ####### + | | ????????????????????# ################????# # | | ????????????????????# ## #????# # | | ????????????????????# ## #????# ## | | ????????????????????# ## """ """ """ #????# #? | | ????????????????????# ## """ """ """ #????# #? | | ????????????????????# ## """ """ """ #????# #? | | ???????????????????## ## #????# #? | | ???????????????????# ##+################# #? | | ???????????????????# [%*%= #? | | ???????????????????# < ==! ## | | ???????????????????# * ! | | ???????????????????# %!########### | | ????????????????#####;+######???# | | ????????????????# [g== #??# ###########+### | | ????????????????# @ #??## ????# | | ????????????????# "" #???##?????# """ " | | ????????????????# """""" "" #??????????# """ " | | ????????????????# """ """ #??????????# """ " | | ????????????????# #??????????# """ " | | ????????????????# #??????????# | | ????????????????#############??????????########### | | | | | | | | | | | | | | | | | | | | | | | | | | | | | | | | | | | | | +----------------------------------------------------+ Best States ------------- Heat Dissipation 25 Energy Generation 10 Energy Capacity 250 Matter Stores 300 Matter Capacity 300 Sight Range 16 Terrain Scan Density 10 Additional Mass Support 6 Evasion (%) 50 Item Schematics ----------------- None Robot Schematics ------------------ None Fabricated ------------ Nothing Alien Tech Used ----------------- None Achievements -------------- None Challenges ------------ None Game ------ Seed DeliveryPhysicsFirepult Manual? 0 Play Time 00:07:14 Cumulative 51.4 hours Start 2024.09.06 @ 22:03:19 End 2024.09.06 @ 22:09:32 Sessions 1 Manual Loads 0 Difficulty Rogue Special Mode None Game No. 38 Rogue 26 Adventurer 12 Explorer 0 Win Type - Total 1 Types 1/0/0/0/0/0/0/0/0 Lore% 12 Gallery% 28 Achievement% 30 Wizard Run 0 Options --------- Layout 0 ASCII 0 Keyboard 0 Movement Numpad Keybinds 0 Fullscreen 2 Font 18/SmallcapsGlow Map View 76x50 Zoom Use 0% Tactical HUD 1 Map Filters NONE Filters NONE Steam 1 RUN: 98b9f75e-0cf1-4799-9987-0c5c8561409c